 Dungeon Crawl Stone Soup version 0.26.0-10-g1f06aea511 (webtiles) character file.

Game seed: 18444508814765324710

4221 dohliylev the Cleaver (level 10, -11/91 HPs)
             Began as a Minotaur Berserker on Jan 18, 2021.
             Was a High Priest of Trog.
             Mangled by a komodo dragon (21 damage)
             ... on level 9 of the Dungeon.
             The game lasted 00:15:38 (8205 turns).

dohliylev the Cleaver (Minotaur Berserker)          Turns: 8205, Time: 00:15:39

Health: -11/91     AC: 11    Str: 31    XL:     10   Next: 9%
Magic:  9/9        EV: 10    Int:  4    God:    Trog [*****.]
Gold:   465        SH:  0    Dex: 10    Spells: 9/9 levels left

rFire    + . .     SeeInvis .   o - +0 war axe
rCold    . . .     Faith    +   (no shield)
rNeg     . . .     Spirit   .   i - +0 chain mail
rPois    .         Reflect  .   (helmet restricted)
rElec    .         Harm     .   A - +0 cloak
rCorr    .         Rampage  .   (no gloves)
Will     ++...                  k - +0 pair of boots
Stlth    ..........             r - amulet of faith
HPRegen  1.25/turn              p - ring of protection from fire
MPRegen  0.11/turn              x - +6 ring of strength

@: berserk cooldown, regenerating, slowed, very slow
A: retaliatory headbutt, horns 2
a: Renounce Religion, Berserk, Trog's Hand, Brothers in Arms


You were on level 9 of the Dungeon.
You worshipped Trog.
Trog was extremely pleased with you.
You visited 1 branch of the dungeon, and saw 9 of its levels.

You collected 465 gold pieces.

Inventory:

Hand Weapons
 o - a +0 war axe (weapon)
Armour
 i - a +0 chain mail (worn)
 k - a +0 pair of boots (worn)
 A - a +0 cloak (worn)
Jewellery
 p - a ring of protection from fire (left hand)
 r - an amulet of faith (around neck)
 x - a +6 ring of strength (right hand)
Wands
 t - a wand of enslavement (3)
 y - a wand of digging (3)
 B - a wand of paralysis (8)
Scrolls
 a - 4 scrolls of immolation {unknown}
 b - 17 scrolls of identify {unknown}
 c - 3 scrolls of blinking {unknown}
 d - 9 scrolls of remove curse {unknown}
 e - 6 scrolls of teleportation {unknown}
 f - a scroll of fog {unknown}
 m - 4 scrolls of enchant armour {unknown}
 s - 3 scrolls of magic mapping {unknown}
 u - a scroll of brand weapon {unknown}
 v - 3 scrolls of fear {unknown}
 w - a scroll of enchant weapon {unknown}
Potions
 g - a potion of invisibility {unknown}
 h - a potion of degeneration {unknown}
 j - 2 potions of flight {unknown}
 l - 2 potions of brilliance {unknown}
 n - 6 potions of curing {unknown}
 q - 2 potions of haste {unknown}
 z - 2 potions of attraction {unknown}


   Skills:
 + Level 9.5 Fighting
 + Level 14.2 Axes
 - Level 2.4 Armour
 + Level 4.3 Dodging


You had 9 spell levels left.
You didn't know any spells.
Your spell library was empty.

Dungeon Overview and Level Annotations

Branches:
Dungeon (9/15)             Temple (0/1) D:5
   Lair: D:8-11         Orc: D:9-12

Altars:

Shops:
D:8 *


Innate Abilities, Weirdness & Mutations

You reflexively headbutt those who attack you in melee.
You have a pair of horns on your head.


Message History

You closely miss the shadow imp. You headbutt the shadow imp.
You kill the shadow imp!
Trog accepts your kill.
You barely miss the komodo dragon. Your headbutt misses the komodo dragon.
The komodo dragon bites you. The komodo dragon bites you!
You hit the komodo dragon but do no damage.
The komodo dragon bites you!!
* * * LOW HITPOINT WARNING * * *
You slice the komodo dragon!!
You headbutt the komodo dragon, but do no damage.
The komodo dragon is heavily wounded.
The komodo dragon bites you!
* * * LOW HITPOINT WARNING * * *
You see here a scorpion corpse.
The komodo dragon bites you.
* * * LOW HITPOINT WARNING * * *
Things that are here:
a +0 giant spiked club; an ogre corpse The komodo dragon bites you!!
You die...

### .# ... #.. .##...
#.##..P... #....P.... ##
### #####.......P.
.########.. ..##..†......
.##.......#####.#).†.......
.##.#####.##.##.#.†...####.
............#...@l(...#
.##.#####.##.##.#)....'..#
.##.............#.P...####
#################........ #
#..P..... # #......... #
#......... # ##.##.... #


You could see a komodo dragon.

Vanquished Creatures
  Pikel (D:8)
  Joseph (D:8)
  A water moccasin (D:7)
  An orc warrior (D:9)
  3 sky beasts
  An ice beast (D:7)
  A phantom (D:8)
  A black bear (D:7)
  3 ogres
  A necrophage (D:7)
  A centaur (D:6)
  3 lemures (D:8)
  A big kobold (D:8)
  5 bullfrogs
  3 scorpions (D:9)
  4 killer bees (D:8)
  4 wights (D:9)
  A howler monkey (D:5)
  A bullfrog zombie (D:5)
  A centaur zombie (D:6)
  2 quasits (D:6)
  4 hounds
  Crazy Yiuf (D:6)
  A gnoll shaman (D:5)
  A jelly (D:5)
  8 orc wizards
  3 orc priests
  A bullfrog skeleton (D:4)
  2 centaur skeletons (D:4)
  An iguana (D:5)
  10 worker ants
  A hound skeleton (D:8)
  A worker ant zombie (D:5)
  A howler monkey zombie (D:7)
  Robin (D:4)
  11 adders
  2 shadow imps
  A white imp (D:5)
  3 ufetubi
  2 adder skeletons
  4 adder zombies
  4 worms
  4 leopard geckos
  28 orcs
  2 ball pythons
  3 giant cockroaches
  12 goblins
  4 hobgoblins
  18 jackals
  18 kobolds
  7 quokkas
  3 bats
  4 frilled lizards
  A quokka skeleton (D:7)
  A quokka zombie (D:7)
  9 rats
217 creatures vanquished.

Vanquished Creatures (others)
  An orc wizard (D:7)
  A rat (D:3)
  13 fungi (D:9)
  11 plants (D:9)
26 creatures vanquished.

Grand Total: 243 creatures vanquished

Notes
Turn   | Place    | Note
-------+----------+-------------------------------------------
     0 | D:1      | dohliylev the Minotaur Berserker began the quest for the
                  | Orb.
     0 | D:1      | Reached XP level 1. HP: 19/19 MP: 0/0
   245 | D:1      | Reached XP level 2. HP: 27/27 MP: 1/1
   248 | D:1      | Reached skill level 4 in Axes
  1025 | D:2      | Reached XP level 3. HP: 33/33 MP: 2/2
  1115 | D:2      | Reached ** piety under Trog
  1678 | D:2      | Reached skill level 5 in Axes
  1752 | D:2      | Reached XP level 4. HP: 36/41 MP: 3/3
  2319 | D:3      | Reached skill level 5 in Fighting
  2461 | D:3      | Reached XP level 5. HP: 48/48 MP: 4/4
  2589 | D:3      | Noticed a sky beast
  2609 | D:3      | Killed a sky beast
  2610 | D:3      | Reached skill level 6 in Axes
  3248 | D:4      | Reached XP level 6. HP: 42/56 MP: 5/5
  3250 | D:4      | Reached skill level 7 in Axes
  3571 | D:4      | Noticed Robin
  3578 | D:4      | Killed Robin
  3594 | D:4      | Reached *** piety under Trog
  3889 | D:4      | Reached skill level 8 in Axes
  3889 | D:4      | Reached XP level 7. HP: 54/63 MP: 6/6
  4160 | D:5      | Entered Level 5 of the Dungeon
  4507 | D:5      | Reached skill level 9 in Axes
  4645 | D:5      | Found a staircase to the Ecumenical Temple.
  5284 | D:6      | Reached **** piety under Trog
  5432 | D:6      | Reached XP level 8. HP: 65/71 MP: 7/7
  5704 | D:6      | Reached skill level 10 in Axes
  6136 | D:6      | Found a runed translucent door.
  6137 | D:6      | Noticed Crazy Yiuf
  6396 | D:6      | Killed Crazy Yiuf
  6654 | D:7      | Reached skill level 11 in Axes
  6864 | D:7      | Reached XP level 9. HP: 78/81 MP: 8/8
  6907 | D:7      | Reached skill level 12 in Axes
  7472 | D:8      | Reached ***** piety under Trog
  7519 | D:8      | Found Beemmun's Demolitions Depot.
  7528 | D:8      | Noticed Joseph
  7543 | D:8      | Killed Joseph
  7544 | D:8      | Reached skill level 13 in Axes
  7739 | D:8      | Noticed Pikel
  7750 | D:8      | Killed Pikel
  8182 | D:9      | Reached skill level 14 in Axes
  8184 | D:9      | Reached XP level 10. HP: 90/91 MP: 9/9
  8205 | D:9      | Mangled by a komodo dragon

Illustrated notes

Levels and vault maps discovered:
D:1:      dpeg_arrival_orchard, layout_loops_ring
D:2:      layout_loops_ring, serial_rivers, chequers_serial_rivers_micro_d,
          chequers_serial_rivers_large_b, chequers_serial_rivers_large_a,
          chequers_serial_rivers_micro_a, chequers_serial_rivers_room_b
D:3:      kennysheep_six_static_rooms, layout_basic, solitary_fountain
D:4:      layout_loops_ring, uniq_robin
D:5:      minmay_bubble_buster, layout_basic, minmay_temple_entry_large_hall,
          hex_intersection, nrook_uturn
D:6:      layout_gridville, minivault_24, uniq_crazy_yiuf_cottage
D:7:      layout_rooms
D:8:      layout_rooms, nicolae_blasting_shop, palyth_stone_intersect,
          uniq_pikel, uniq_joseph
D:9:      layout_loops_cross, kennysheep_little_box,
          grunt_lair_entry_orc_guard_hut

Skill      XL: |  1  2  3  4  5  6  7  8  9 |
---------------+----------------------------+-----
Fighting       | 4 5 6 8 9 |  9.5
Axes           | 4 5 6 8 9 11 14 | 14.2
Dodging        | 3 4 |  4.3
Armour         | |  2.4

Action                   |  1- 3 |  4- 6 |  7- 9 | 10-12 || total
-------------------------+-------+-------+-------+-------++-------
Melee: Hand axe          |    95 |    25 |       |       ||   120
       Headbutt          |     9 |    28 |    45 |     7 ||    89
       War axe           |       |    87 |   298 |    13 ||   398
Invok: Berserk           |       |     7 |     7 |       ||    14
       Trog's Hand       |       |     1 |     2 |     1 ||     4
Armor: Animal skin       |     5 |       |       |       ||     5
       Chain mail        |    41 |    76 |   221 |     7 ||   345
       Ring mail         |     3 |       |       |       ||     3
Dodge: Dodged            |    46 |    58 |   171 |     8 ||   283
